 Dungeon Crawl Stone Soup version 0.16-a0-2388-g8c53b03 (webtiles) character file.

858 Johnny the Chiller (level 7, -3/56 HPs)
             Began as a Demigod Ice Elementalist on Nov 19, 2014.
             Slain by a gnoll (4 damage)
             ... on level 5 of the Dungeon.
             The game lasted 00:16:00 (6296 turns).

Johnny the Chiller (Demigod Ice Elementalist)       Turns: 6296, Time: 00:16:01

Health: -3/56      AC:  4    Str: 11    XL:     7   Next: 42%
Magic:  7/19       EV:  6    Int: 22    God:
Gold:   131        SH:  0    Dex: 20    Spells: 3 memorised, 3 levels left

rFire  . . .     SeeInvis +     J - +0 spear (venom)
rCold  . . .     Clarity  .     s - +0 leather armour
rNeg   . . .     SustAb   +     (no shield)
rPois  .         Gourm    +     H - +0 helmet {Int+3}
rElec  .         Spirit   .     (no cloak)
rCorr  .         Warding  .     (no gloves)
rMut   .         Stasis   .     (no boots)
MR     .....                    n - amulet of the gourmand
Stlth  ++........               (no ring)
                                i - ring of see invisible

@: very slightly contaminated, held, not resistant to hostile enchantments,
unstealthy
A: sustain abilities
a: no special abilities


You were on level 5 of the Dungeon.
You were full.

You visited 1 branch of the dungeon, and saw 5 of its levels.

You collected 246 gold pieces.
You spent 115 gold pieces at shops.

Inventory:

Hand weapons
 e - a +0 hand axe
 w - a +0 scimitar
 x - a +0 halberd
 B - a +0 hand axe of flaming
 J - a +0 spear of venom (weapon)
Missiles
 h - 10 arrows (quivered)
 v - 3 tomahawks
Armour
 m - a +2 ring mail of positive energy
 s - a +0 leather armour (worn)
 H - a +0 helmet of intelligence (worn)
Jewellery
 i - a ring of see invisible (left hand)
 n - an amulet of the gourmand (around neck)
 t - an uncursed amulet of resist mutation {unknown}
Magical devices
 a - a wand of flame (25)
 D - a wand of polymorph (11)
Scrolls
 g - 5 scrolls of identify
 q - a scroll of immolation {unknown}
 u - a scroll of amnesia {unknown}
 y - a scroll of remove curse {unknown}
 C - a scroll of blinking {unknown}
 E - a scroll of teleportation {unknown}
 G - a scroll of enchant weapon {unknown}
 I - a scroll of recharging {unknown}
Potions
 k - a potion of restore abilities
 l - a potion of invisibility {unknown}
 o - a potion of flight {unknown}
 p - a potion of cancellation {unknown}
 r - a potion of haste {unknown}
 A - 2 potions of brilliance {unknown}
 F - a potion of heal wounds {unknown}
Books
 b - a book of Frost

   Spells                             Type                      Level
   *Freeze                            Ice                          1
   Throw Frost                        Conjuration/Ice              2
   Ozocubu's Armour                   Charms/Ice                   3
   *Throw Icicle                      Conjuration/Ice              4
   *Summon Ice Beast                  Ice/Summoning                4
   Condensation Shield                Ice                          4
Comestibles
 c - 9 bread rations
 d - 3 fruits
 f - 2 beef jerkies
 z - a meat ration


   Skills:
 * Level 2.9 Fighting
 * Level 2.0 Polearms
 + Level 1.5 Armour
 + Level 2.9 Dodging
 + Level 3.0 Stealth
 * Level 3.4 Spellcasting
 + Level 1.0 Conjurations
 * Level 2.4 Summonings
 * Level 4.3 Ice Magic
 * Level 1.2 Evocations


You had 3 spell levels left.
You knew the following spells:

 Your Spells              Type           Power        Failure   Level  Hunger
a - Freeze                Ice            ###.         1%          1    None
b - Summon Ice Beast      Ice/Summ       ###.....     34%         4    ####...
c - Throw Icicle          Conj/Ice       ###.....     38%         4    ####...


Dungeon Overview and Level Annotations

Branches:
Dungeon (5/15)             Temple (0/1) D:5

Shops:
D:5 [


Innate Abilities, Weirdness & Mutations

Your attributes are resistant to harm.


Message History

* * * LOW HITPOINT WARNING * * *
A gnoll comes into view.
Unknown command.
Drink which item? (? for menu, Esc to quit)
You feel refreshed.
It was a potion of restore abilities.
The gnoll shouts! x4
The gnoll shaman barely misses you. The gnoll hits you but does no damage.
The gnoll barely misses you.
The gnoll hits you from afar with a halberd!
* * * LOW HITPOINT WARNING * * *
A gnoll comes into view. It is wielding a spear.
Drink which item? (? for menu, Esc to quit)
You feel better.
The gnoll shouts!
The gnoll hits you from afar with a spear.
* * * LOW HITPOINT WARNING * * *
The gnoll shaman hits you with a club.
* * * LOW HITPOINT WARNING * * *
The gnoll hits you.
You die...

#.....######...#
#########.##########...#####
.......†..........)†.......$
≈≈≈≈≈≈≈†....≈≈≈≈≈≈≈≈≈≈≈≈≈≈≈≈
≈≈≈≈≈≈≈....≈≈≈≈≈≈≈≈≈≈≈≈≈≈≈≈
≈≈≈≈≈≈≈....≈≈≈≈≈≈≈≈≈≈≈≈####
.......................#
######''gg#############
#.gO@#######.....#
+..gg'.....).....#
#gggg#######.....# ##g'##
#######


..ggg g....%g ....... ...ggg ###'' You could see an ogre, 2 gnoll shamans and 15
gnolls.

Vanquished Creatures
  The ghost of Froboctopus the Magician, an average FoWz (D:3)
  A scorpion (D:5)
  2 orc priests
  6 orc wizards
  2 worker ants (D:4)
  9 gnolls
  13 adders
  A giant mite (D:3)
  2 worms (D:3)
  19 orcs
  12 bats
  7 giant cockroaches
  23 hobgoblins
  9 jackals
  13 kobolds
  5 giant geckos
  9 giant newts
  16 goblins
  A quokka (D:3)
  10 rats
161 creatures vanquished.

Vanquished Creatures (collateral kills)
  6 gnolls (D:5)
  3 orcs (D:4)
  A jackal (D:5)
10 creatures vanquished.

Vanquished Creatures (others)
  An ice beast (D:5)
1 creature vanquished.

Grand Total: 172 creatures vanquished

Notes
Turn   | Place    | Note
--------------------------------------------------------------
     0 | D:1      | Johnny, the Demigod Ice Elementalist, began the quest for the Orb.
     0 | D:1      | Reached XP level 1. HP: 14/14 MP: 3/3
   296 | D:1      | Reached XP level 2. HP: 14/22 MP: 0/4
   592 | D:1      | Reached skill level 3 in Ice Magic
  1146 | D:2      | Reached skill level 1 in Fighting
  1186 | D:2      | Reached XP level 3. HP: 28/28 MP: 3/8
  1726 | D:2      | Found a burning altar of Makhleb.
  1811 | D:2      | Reached XP level 4. HP: 25/35 MP: 6/11
  1987 | D:2      | Learned a level 4 spell: Summon Ice Beast
  2011 | D:3      | Noticed Froboctopus' ghost (average FoWz)
  2020 | D:3      | Killed Froboctopus' ghost
  2020 | D:3      | Reached skill level 1 in Armour
  2020 | D:3      | Reached skill level 1 in Summonings
  2020 | D:3      | Reached XP level 5. HP: 21/41 MP: 3/12
  2169 | D:3      | Found a snail-covered altar of Cheibriados.
  2909 | D:3      | Reached XP level 6. HP: 19/48 MP: 3/16
  3502 | D:3      | Found a glowing silver altar of Zin.
  4446 | D:4      | Reached skill level 4 in Ice Magic
  4603 | D:4      | Reached skill level 1 in Polearms
  4971 | D:4      | Reached XP level 7. HP: 48/56 MP: 11/18
  5748 | D:5      | Entered Level 5 of the Dungeon
  5760 | D:5      | Learned a level 4 spell: Throw Icicle
  5771 | D:5      | Found Sheklyly's Armour Shoppe.
  5788 | D:5      | Reached skill level 1 in Evocations
  5803 | D:5      | Bought a +0 helmet of intelligence for 115 gold pieces
  5847 | D:5      | Found a shattered altar of Ashenzari.
  5929 | D:5      | Found an iron altar of Okawaru.
  6089 | D:5      | Found a staircase to the Ecumenical Temple.
  6249 | D:5      | Reached skill level 1 in Conjurations
  6296 | D:5      | HP: 1/56 [gnoll shaman/club (4)]
  6296 | D:5      | Slain by a gnoll

Action                   |  1- 3 |  4- 6 |  7- 9 || total
-------------------------+-------+-------+-------++-------
Melee: Hand axe          |    73 |     1 |       ||    74
       Unarmed           |     2 |       |       ||     2
       Halberd           |       |   127 |    96 ||   223
       Scimitar          |       |     1 |       ||     1
 Cast: Freeze            |    55 |   133 |    16 ||   204
       Summon Ice Beast  |       |       |     6 ||     6
  Use: Potion            |       |       |     4 ||     4
       Scroll            |       |       |     1 ||     1
 Stab: Sleeping          |       |    11 |     6 ||    17
       Distracted        |       |     2 |     1 ||     3
  Eat: Chunk             |     5 |     8 |    12 ||    25
